 Dungeon Crawl Stone Soup version 0.17-a0-1181-gabc46e6 (webtiles) character file.

200 Hanyuu the Insei (level 5, -1/33 HPs)
             Began as an Octopode Transmuter on May 31, 2015.
             Slain by Oddysee's ghost (3 damage)
             ... on level 4 of the Dungeon.
             The game lasted 00:06:39 (3200 turns).

Hanyuu the Insei (Octopode Transmuter)              Turns: 3200, Time: 00:06:39

Health: -1/33      AC:  2    Str: 10    XL:     5   Next: 78%
Magic:  4/8        EV: 25    Int: 21    God:
Gold:   196        SH:  0    Dex: 22    Spells: 3 memorised, 2 levels left

rFire  . . .     SeeInvis .       - Unarmed
rCold  . . .     Clarity  +     (shield currently unavailable)
rNeg   . . .     SustAt   .     (helmet currently unavailable)
rPois  x         Gourm    .     f - amulet of clarity
rElec  .         Spirit   .     q - ring of teleport control
rCorr  .         Warding  .     (no ring)
rMut   .         Stasis   .     (no ring)
MR     .....                    (no ring)
Stlth  +.........               (no ring)
                                (no ring)
                                (no ring)
                                (no ring)

@: brilliant, agile, liquid flames, spider-form, glowing, not resistant to
hostile enchantments, very unstealthy
A: almost no armour, amphibious, 8 rings, (constrict 8), (camouflage 0),
(gelatinous body 0)
a: End Transformation, Evoke Teleport Control


You were on level 4 of the Dungeon.
You were not hungry.
You were a venomous arachnid creature.
You visited 1 branch of the dungeon, and saw 4 of its levels.

You collected 196 gold pieces.

Inventory:

Missiles
 a - 12 arrows
 m - 9 poisoned needles
Jewellery
 f - an amulet of clarity (around neck)
 q - a ring of teleport control (left front leg)
Magical devices
 l - a wand of teleportation (4)
Scrolls
 g - 2 scrolls of teleportation {unknown}
 k - a scroll of enchant armour {unknown}
 o - 2 scrolls of enchant weapon {unknown}
 r - a scroll of fear {unknown}
 s - a scroll of remove curse {unknown}
 t - a scroll of random uselessness {unknown}
Potions
 e - 2 potions of curing
 h - a potion of resistance
 i - a potion of heal wounds
Books
 b - a book of Changes

   Spells                             Type                      Level
   a - Beastly Appendage              Transmutation                1
   b - Sticks to Snakes               Transmutation                2
   c - Spider Form                    Transmutation/Poison         3
   d - Ice Form                       Ice/Transmutation            4
   e - Blade Hands                    Transmutation                5
Comestibles
 c - 2 bread rations
 n - a meat ration
 p - a beef jerky


   Skills:
 - Level 1.0 Fighting
 - Level 2.0 Dodging
 + Level 6.1 Unarmed Combat
 - Level 2.0 Spellcasting
 - Level 2.0 Transmutations
 - Level 1.0 Poison Magic


You had 2 spell levels left.
You knew the following spells:

 Your Spells              Type           Power        Failure   Level  Hunger
a - Beastly Appendage     Trmt           ###...       2%          1    #......
b - Sticks to Snakes      Trmt           ###.......   3%          2    ##.....
c - Spider Form           Trmt/Pois      ###.......   6%          3    ###....


Dungeon Overview and Level Annotations

Branches:
Dungeon (4/15)
 Temple: D:4-7

Altars:
Ashenzari
Elyvilon
Fedhas
Okawaru
Sif Muna

Annotations:
D:4 Oddysee's ghost, average HEFE


Innate Abilities, Weirdness & Mutations

You cannot wear most types of armour.
You are amphibious.
You can wear up to eight rings at the same time.
((You can use your tentacles to constrict eight enemies at once.))
((Your skin changes colour to match your surroundings (Stealth).))
((Your rubbery body absorbs attacks (AC +1).))


Message History

Oddysee's ghost hits you.
You completely miss Oddysee's ghost.
Oddysee's ghost is heavily damaged.
Oddysee's ghost points at you and mumbles some strange words.
The flame tongue misses you.
You hit Oddysee's ghost but do no damage.
Oddysee's ghost is heavily damaged.
Oddysee's ghost completely misses you.
You hit Oddysee's ghost.
Oddysee's ghost is severely damaged.
Oddysee's ghost sprays you with burning goo.
The sticky flame hits you!
You are covered in liquid flames!
* * * LOW HITPOINT WARNING * * *
You bite Oddysee's ghost!
Oddysee's ghost is almost destroyed.
You are covered in liquid flames!
* * * LOW HITPOINT WARNING * * *
Oddysee's ghost hits you.
You die...

#.....†..######
#........#
#........#
#.......÷#
+........#
#........#
#........#
#.......W#
#.......s#
#...>....#
+........#
.$......#
###+##... #...
#... #....


You could see Oddysee's ghost.

Vanquished Creatures
  A worker ant (D:4)
  Jessica (D:3)
  6 adders
  An ooze (D:2)
  3 worms
  2 giant geckos
  4 orcs (D:3)
  A ball python (D:2)
  13 bats
  3 giant cockroaches (D:1)
  4 goblins
  10 hobgoblins
  5 jackals
  3 quokkas
  6 giant newts
  4 kobolds
  7 rats
74 creatures vanquished.

Notes
Turn   | Place    | Note
--------------------------------------------------------------
     0 | D:1      | Hanyuu the Octopode Transmuter began the quest for the Orb.
     0 | D:1      | Reached XP level 1. HP: 13/13 MP: 3/3
   258 | D:1      | Reached XP level 2. HP: 15/18 MP: 5/5
   741 | D:2      | Reached skill level 4 in Unarmed Combat
   741 | D:2      | Reached XP level 3. HP: 15/23 MP: 4/6
   745 | D:2      | Learned a level 2 spell: Sticks to Snakes
   749 | D:2      | Learned a level 3 spell: Spider Form
   808 | D:2      | Reached skill level 1 in Poison Magic
  1253 | D:2      | Reached XP level 4. HP: 21/28 MP: 7/7
  1829 | D:3      | Found a shattered altar of Ashenzari.
  1829 | D:3      | Found a white marble altar of Elyvilon.
  1829 | D:3      | Found a blossoming altar of Fedhas.
  1829 | D:3      | Found a deep blue altar of Sif Muna.
  1829 | D:3      | Found an iron altar of Okawaru.
  1973 | D:3      | Reached skill level 5 in Unarmed Combat
  2355 | D:3      | Reached XP level 5. HP: 21/33 MP: 6/8
  2610 | D:3      | Noticed Jessica
  2622 | D:3      | Killed Jessica
  2930 | D:4      | Reached skill level 6 in Unarmed Combat
  3017 | D:4      | Noticed Oddysee's ghost (average HEFE)
  3200 | D:4      | Slain by Oddysee's ghost

Vault maps used:
D:1:      minmay_arrival_stone_box, serial_bayou_lagoon_a,
          minmay_tree_intersection
D:2:      first_bread
D:3:      grunt_temple_overflow_open, dk_noncrumbling_4, uniq_jessica
D:4:      nicolae_ru_the_path_less_chosen, okawaru_gym_becter

Action                   |  1- 3 |  4- 6 || total
-------------------------+-------+-------++-------
Melee: Unarmed           |    77 |   111 ||   188
 Cast: Beastly Appendage |     2 |     5 ||     7
       Spider Form       |       |     7 ||     7
  Use: Scroll            |       |     3 ||     3
       Potion            |       |     2 ||     2
 Stab: Sleeping          |    11 |     5 ||    16
  Eat: Chunk             |     1 |     7 ||     8
